 Dungeon Crawl Stone Soup version 0.30-a0-222-ge547ba4400 (webtiles) character file.

Game seed: 4036100902827071557

5681 Monkooky the Trooper (level 10, -7/79 HPs)
             Began as a Demonspawn Reaver on Oct 8, 2022.
             Was a Priest of Sif Muna.
             Engulfed by a cloud of flame (20 damage)
             ... on level 9 of the Dungeon.
             The game lasted 00:33:51 (11013 turns).

Monkooky the Trooper (Demonspawn Reaver)           Turns: 11013, Time: 00:33:51

Health: -7/79      AC: 12    Str: 16    XL:     10   Next: 47%
Magic:  12/17      EV: 18    Int: 29    God:    Sif Muna [***...]
Gold:   191        SH:  0    Dex: 16    Spells: 8/18 levels left

rFire   . . .      SeeInvis .    m - +6 whip "Kuorich" {vamp, Dex+4}
rCold   . . .      Faith    .    (no shield)
rNeg    . . .      Spirit   .    r - +0 ring mail
rPois   .          Reflect  .    (helmet unavailable)
rElec   .          Harm     .    J - +4 cloak of Sufficient Lucidity {Str+4}
rCorr   +          Rampage  .    (no gloves)
Will    .....                    k - +0 pair of boots
Stlth   +.........               (no amulet)
HPRegen 0.33/turn                z - +6 ring of intelligence
MPRegen 0.15/turn                C - ring of resist corrosion

@: agile, immotile
A: horns 3, powered by pain 1, big brain 2
a: Renounce Religion, Channel Magic, Forget Spell


You were on level 9 of the Dungeon.
You worshipped Sif Muna.
Sif Muna was most pleased with you.
You visited 1 branch of the dungeon, and saw 9 of its levels.
You also visited: Sewer and Ossuary.

You collected 521 gold pieces.
You spent 330 gold pieces at shops.

Inventory:

Hand Weapons
 a - a +0 spear
 m - the +6 whip "Kuorich" (weapon) {vamp, Dex+4}
   (You found it on level 3 of the Dungeon)

   It occasionally heals its wielder for a portion of the damage dealt when it
   wounds a living foe.
   Dex:       It affects your dexterity (+4).
 B - a +1 quarterstaff
Armour
 b - a +0 leather armour
 f - a +0 helmet
 k - a +0 pair of boots (worn)
 r - a +0 ring mail (worn)
 F - a +0 cloak
 J - the +4 cloak of Sufficient Lucidity (worn) {Str+4}
   (You acquired it on level 6 of the Dungeon)

   Str:       It affects your strength (+4).
Magical Staves
 h - a staff of air
Jewellery
 z - a +6 ring of intelligence (left hand)
 C - a ring of resist corrosion (right hand)
Wands
 p - a wand of polymorph (24)
 L - a wand of paralysis (1)
 N - a wand of iceblast (7)
Scrolls
 d - 4 scrolls of fear
 g - 2 scrolls of brand weapon
 i - a scroll of torment
 j - 5 scrolls of enchant weapon
 l - 4 scrolls of enchant armour
 s - 2 scrolls of amnesia
 u - 3 scrolls of fog
 x - a scroll of poison
 y - 4 scrolls of vulnerability
 H - a scroll of silence
 I - 3 scrolls of immolation
 K - a scroll of blinking
 M - 3 scrolls of teleportation
 P - a scroll of summoning
Potions
 c - a potion of cancellation {unknown}
 e - a potion of flight
 n - 2 potions of haste
 o - 2 potions of attraction
 q - 4 potions of might
 t - a potion of invisibility
 v - 4 potions of mutation
 w - 2 potions of magic
 A - a potion of heal wounds
 D - 2 potions of lignification
 E - 3 potions of degeneration
 G - 3 potions of brilliance {unknown}
Miscellaneous
 O - a phantom mirror (inert)


   Skills:
 - Level 7.0 Fighting
 - Level 6.1 Maces & Flails
 - Level 2.6 Polearms
 - Level 6.0 Armour
 - Level 6.3 Dodging
 - Level 4.7 Spellcasting
 - Level 6.3 Conjurations
 - Level 3.0 Translocations
 - Level 4.6 Ice Magic
 + Level 3.8 Air Magic
 - Level 1.1 Evocations


You had 8 spell levels left.
You knew the following spells:

 Your Spells              Type           Power      Damage    Failure   Level
a - Kiss of Death         Conj/Necr      100%       2d13      3%          1
b - Momentum Strike       Conj/Tloc      68%        3d9       2%          2
c - Hailstorm             Conj/Ice       38%        3d9       3%          3
d - Static Discharge      Conj/Air       72%        2-5/arc   1%          2
e - Poisonous Vapours     Pois/Air       34%        N/A       8%          2

Your spell library contained the following spells:

 Spells                   Type           Power      Damage    Failure   Level
 Freeze                   Ice            100%       1d11      1%          1
 Beastly Appendage        Tmut           12%        N/A       11%         1
 Sting                    Tmut/Pois      24%        1d4       11%         1
 Sticky Flame             Conj/Fire      25%        2d5       30%         4
 Ignite Poison            Fire/Tmut/Pois 6%         N/A       32%         3
 Ignition                 Fire           3%         3d4       100%        8
 Maxwell's Capacitive Co  Air            14%        ∞         100%        8


Dungeon Overview and Level Annotations

Branches:
Dungeon (9/15)             Temple (0/1) D:6            Lair (0/5) D:9
  Sewer (visited)         Ossuary (visited)
    Orc: D:9-12

Altars:
Dithmenos
Fedhas
Kikubaaqudgha
Makhleb
Nemelex Xobeh
Qazlal
Ru
Sif Muna
Wu Jian
Xom

Shops:
D:1 :

Annotations:
D:9 1 runed translucent door, sleeves's ghost, novice DrRe


Innate Abilities, Weirdness & Mutations

You have a pair of large horns on your head.
You sometimes gain a little power by taking damage.
You have an extremely huge brain. (Int +4)


Message History

The arrow hits your death knight but does no damage.
Your death knight hits the slime creature with a +1 great mace of protection!!
Flame seeps out of the slime creature.
The death knight is engulfed in blazing flames.
Flame seeps out of the death knight.
The slime creature is engulfed in blazing flames.
Flame seeps out of the slime creature.
The slime creature misses your death knight.
The centaur warrior unwields a +0 shortbow.
The centaur warrior hits your death knight.
Flame seeps out of your death knight.
The centaur warrior kicks your death knight but does no damage.
Unknown command.
The death knight attacks as you move away!
The death knight hits you with a +1 great mace of protection!!
The centaur warrior wields a +0 shortbow.
The centaur warrior shoots an arrow.
The arrow hits your death knight! Flame seeps out of your death knight.
Your death knight is engulfed in blazing flames.
Flame seeps out of your death knight.
Your death knight closely misses the centaur warrior.
The slime creature is engulfed in blazing flames.
Flame seeps out of the slime creature.
The slime creature hits your death knight!
Flame seeps out of your death knight.
Unknown command.
Casting: Hailstorm (dangerous; 3% risk of failure)
Confirm with . or Enter, or press ? or * to list all spells.
Aiming: Momentum Strike (safe; 2% risk of failure)
Press: ? - help, Dir - move target, f - death knight
Aim: a death knight, wielding a +1 great mace of protection and wearing a +0 chain mail (almost dead, inner flame, 74% to hit)
The concentrated momentum hits the death knight!
You are unable to move.
The death knight explodes!
The fiery explosion engulfs you!!
* * * LOW HITPOINT WARNING * * *
You focus on the pain.
You feel agile all of a sudden.
You are engulfed in blazing flames.
You die...

#.##..##....##o##.########..
#...)..#...yo..#............
####.#.##z#Jc.##...........#
######....#..p#.#....#########
#.........##..###....########
#.#######..#.°.#.....##.....##
#.# ##.##§##.######.###..# #.#
#..#)#..### #.###..# #.#
##.#@#....# #.#....+ #.#
#..#.....# #.#.#..# #.#
##.#.....# #.#.#..# #.#
#...<...# #.#..#.. #.#
#.#...#.# #.#.#.##
#.##########.##.##.# #.#.#.#
#..........#.##.##.####.#.#.##
##########.#.##.........#.#...
#............###.####


You could see a skeletal warrior (inner flame), a slime creature (inner flame,
distracted, ally target), a centaur warrior (inner flame), a vampire mosquito,
an orc and a friendly death knight (summoned, inner flame, drained).

Vanquished Creatures
  A wyvern (D:8)
  A vampire (D:9)
  A wraith (D:9)
  3 yaks (D:9)
  3 wargs (D:9)
  2 water moccasins
  3 orc warriors
  2 sky beasts
  A black bear (D:6)
  2 ogres
  2 centaurs
  A kobold brigand (D:6)
  A phantom (D:6)
  A gnoll sergeant (D:6)
  2 bullfrogs
  2 scorpions
  4 killer bees (D:9)
  7 howler monkeys
  2 lava snakes (D:8)
  2 centaur zombies (Ossuary)
  3 jellies (Sewer)
  2 human zombies (Ossuary)
  3 orc priests
  4 hounds
  A gnoll bouda (D:6)
  2 iguanas
  Natasha (D:3)
  6 orc wizards (D:9)
  6 mummies
  5 gnolls
  2 adders
  A shadow imp (D:8)
  A dart slug (D:3)
  3 worms
  23 orcs
  5 ball pythons
  12 endoplasms
  6 giant cockroaches
  3 goblins
  2 hobgoblins (D:4)
  10 kobolds
  5 quokkas
  2 bats
  6 frilled lizards
  2 hobgoblin zombies (D:7)
  3 kobold zombies (Ossuary)
  An orc zombie (Ossuary)
  11 rats
174 creatures vanquished.

Vanquished Creatures (others)
  A death knight (D:9)
  A steam dragon (D:8)
  A black bear (D:5)
  An orc warrior (D:7)
  Blork the orc (D:5)
  A bullfrog (D:8)
  A necrophage (D:7)
  A killer bee (D:9)
  2 hounds
  A jelly (D:6)
  An orc priest (D:9)
  Natasha (twice) (D:3)
  3 adders
  3 gnolls
  2 river rats (Sewer)
  A white imp (D:5)
  A worm (D:2)
  A dart slug (D:1)
  2 orcs
  2 ball pythons (D:2)
  6 endoplasms
  2 giant cockroaches
  3 goblins
  3 hobgoblins (D:2)
  A quokka (D:3)
  6 bats
  4 frilled lizards
  2 kobolds (D:2)
  A rat (Sewer)
57 creatures vanquished.

Grand Total: 231 creatures vanquished

Notes
Turn   | Place    | Note
-------+----------+-------------------------------------------
     0 | D:1      | Monkooky the Demonspawn Reaver began the quest for the Orb.
     0 | D:1      | Reached XP level 1. HP: 16/16 MP: 3/3
   174 | D:1      | Found a faded altar of an unknown god.
   230 | D:1      | Gained mutation: You have a pair of small horns on your
                  | head. [demonic ancestry]
   230 | D:1      | Reached XP level 2. HP: 7/16 MP: 3/5
   233 | D:1      | Learned a level 2 spell: Momentum Strike
   910 | D:1      | Found Tuucke's Book Boutique.
  1443 | D:2      | Reached skill level 1 in Translocations
  2183 | D:3      | Found a shadowy altar of Dithmenos.
  2215 | D:3      | Identified the +6 whip "Kuorich" {vamp, Dex+4}
  2261 | D:3      | Found a shimmering blue altar of Sif Muna.
  2268 | D:3      | Became a worshipper of Sif Muna the Loreminder
  2272 | D:3      | Noticed Natasha
  2278 | D:3      | Killed Natasha
  2279 | D:3      | Reached XP level 3. HP: 17/27 MP: 1/6
  2405 | D:3      | Noticed Natasha
  2410 | D:3      | Killed Natasha
  2511 | D:3      | Gained mutation: You have a pair of horns on your head.
                  | [demonic ancestry]
  2511 | D:3      | Reached XP level 4. HP: 31/33 MP: 7/7
  2546 | D:3      | Found a stormy altar of Qazlal.
  2720 | D:3      | Found a sacrificial altar of Ru.
  2723 | D:3      | Noticed Natasha
  2903 | D:3      | Killed Natasha
  3191 | D:3      | Found a burning altar of Makhleb.
  3355 | D:4      | Learned a level 3 spell: Hailstorm
  3395 | D:4      | Reached skill level 1 in Ice Magic
  3419 | D:4      | Found a glowing drain.
  3423 | Sewer    | Entered a sewer
  3545 | Sewer    | Gained mutation: You sometimes gain a little power by
                  | taking damage. [demonic ancestry]
  3545 | Sewer    | Reached XP level 5. HP: 38/38 MP: 8/8
  3565 | Sewer    | Reached skill level 1 in Maces & Flails
  3574 | Sewer    | Reached * piety under Sif Muna
  3677 | Sewer    | Found a viscous altar of Jiyva.
  4050 | D:4      | Found a shimmering altar of Xom.
  4065 | D:4      | Gained mutation: You have an unusually large brain. (Int
                  | +2) [demonic ancestry]
  4065 | D:4      | Reached XP level 6. HP: 44/44 MP: 4/9
  4390 | D:5      | Entered Level 5 of the Dungeon
  4499 | D:5      | Found an ornate altar of the Wu Jian Council.
  4893 | D:5      | Noticed Blork the orc
  4923 | D:5      | Killed Blork the orc
  4924 | D:5      | Reached skill level 5 in Maces & Flails
  4924 | D:5      | Gained mutation: You have a pair of large horns on your
                  | head. [demonic ancestry]
  4924 | D:5      | Reached XP level 7. HP: 32/50 MP: 5/10
  5379 | D:6      | Found a blossoming altar of Fedhas.
  5646 | D:6      | Reached ** piety under Sif Muna
  6289 | D:6      | Found an ancient bone altar of Kikubaaqudgha.
  6295 | D:6      | Found a sparkling altar of Nemelex Xobeh.
  6336 | D:6      | Found a staircase to the Ecumenical Temple.
  6773 | D:6      | Identified a scroll of acquirement
  6774 | D:6      | Acquired the +4 cloak of Sufficient Lucidity {Str+4}
  6819 | D:7      | Reached XP level 8. HP: 50/56 MP: 10/12
  6848 | D:7      | Found a sand-covered staircase.
  6919 | Ossuary  | Entered an ossuary
  7169 | Ossuary  | Reached skill level 5 in Conjurations
  7576 | D:7      | Got An Introduction to Theurgy
  8768 | D:8      | Reached XP level 9. HP: 39/61 MP: 12/15
  8775 | D:8      | Reached skill level 7 in Fighting
  8775 | D:8      | Gained mutation: You have an extremely huge brain. (Int +4)
                  | [demonic ancestry]
  8775 | D:8      | Reached XP level 10. HP: 54/79 MP: 13/16
  9319 | D:9      | HP: 2/79 [vampire/vampiric draining (13)]
  9510 | D:9      | Reached skill level 1 in Evocations
  9714 | D:1      | Bought the Precepts of Gusts for 330 gold pieces
  9717 | D:1      | Learned a level 2 spell: Static Discharge
  9720 | D:1      | Learned a level 2 spell: Poisonous Vapours
  9957 | D:9      | Reached skill level 1 in Air Magic
 10159 | D:9      | Found a runed translucent door.
 10159 | D:9      | Found a shimmering altar of Xom.
 10159 | D:9      | Noticed sleeves's ghost (novice DrRe)
 10159 | D:9      | Noticed a +0 hand axe of chaos
 10313 | D:9      | Reached *** piety under Sif Muna
 10470 | D:9      | Found a staircase to the Lair.
 11001 | D:9      | Noticed a manticore
 11002 | D:9      | Noticed a death knight
 11002 | D:9      | Noticed a skeletal warrior
 11002 | D:9      | Noticed a centaur warrior
 11013 | D:9      | Killed a death knight
 11013 | D:9      | Engulfed by a cloud of flame

Illustrated notes

Levels and vault maps discovered:
D:1:      saegor_arrival_simple_c, layout_basic, serial_shops,
          nicolae_shop_window_shopping, ebering_ecumenical_altar_abandoned,
          st_stairs_8
D:2:      layout_loops_ring
D:3:      layout_loops_ring, mainiacjoe_overflow_paths,
          mainiacjoe_overflow_24_doors, lemuel_crystal_altar,
          lightli_temple_of_fire, mainiacjoe_overflow_small_starburst,
          nicolae_qazlal_general_emergency, minmay_fountain_box,
          kennysheep_generic_room_11, uniq_natasha
D:4:      layout_cave_pools, tgw_xom, gup_sewer_entry_bowl
D:5:      layout_cave_pools, lemuel_tele_altar, grunt_ministairs_1,
          nicolae_underground_beach, uniq_blork_the_orc
D:6:      layout_layer_cave, fedhas_altar_3, amethyst_overflow_temple_binary,
          minmay_temple_entry_glassed_door
D:7:      layout_loops_corners, nicolae_ossuary_entry_giza
D:8:      layout_cave_pools, grunt_decor_junction, amethyst_killhole
D:9:      minmay_the_grid_four_pointed_star_mashed
          [minmay_the_grid_triangle_9x9_swiss_cheese,
          minmay_the_grid_triangle_9x9_warning,
          minmay_the_grid_triangle_9x9_minimal,
          minmay_the_grid_triangle_9x9_steps,
          minmay_the_grid_prize_four_corners], layout_loops_ring,
          erik_lair_orcish_takeover, ebering_ghost_xom,
          amcnicky_mini_rare_corridor_liquid, minmay_misc_feat_pillars,
          billiards_dpeg

Skill      XL: |  1  2  3  4  5  6  7  8  9 10 |
---------------+-------------------------------+-----
Translocations | 2 3 |  3.0
Ice Magic      | 1 2 4 |  4.6
Maces & Flails | 3 5 6 |  6.1
Conjurations   | 4 6 |  6.3
Spellcasting   | 4 |  4.7
Fighting       | 7 |  7.0
Armour         | 6 |  6.0
Dodging        | 6 |  6.3
Evocations     | 1 |  1.1
Air Magic      | 3 |  3.8
Polearms       | |  2.6

Action                   |  1- 3 |  4- 6 |  7- 9 | 10-12 || total
-------------------------+-------+-------+-------+-------++-------
Melee: Spear             |    52 |       |       |       ||    52
       Whip              |    18 |   132 |   192 |   136 ||   478
       Headbutt          |     8 |    20 |    45 |    25 ||    98
       Unarmed           |       |     5 |       |       ||     5
       Punch             |       |     1 |     4 |     1 ||     6
 Cast: Kiss of Death     |     2 |       |       |       ||     2
       Momentum Strike   |    28 |    28 |    38 |    10 ||   104
       Hailstorm         |       |       |    13 |     2 ||    15
       Static Discharge  |       |       |       |    18 ||    18
Invok: Channel Magic     |       |       |     1 |       ||     1
Evoke: Wand              |       |       |       |     9 ||     9
       Phantom mirror    |       |       |       |     1 ||     1
  Use: Scroll            |       |       |    18 |     5 ||    23
       Potion            |       |       |     1 |     3 ||     4
 Stab: Sleeping          |     1 |       |       |       ||     1
       Paralysed         |       |       |       |     6 ||     6
Armor: Leather armour    |    18 |     3 |       |       ||    21
       Ring mail         |       |    50 |    82 |    39 ||   171
       Skin              |       |     5 |       |    36 ||    41
Dodge: Dodged            |    26 |    99 |    85 |    75 ||   285

Table legend: (Time is in decaauts)
 A = Elapsed time spent in this place.
 B = Non-inter-level travel time spent in this place.
 C = Inter-level travel time spent in this place.
 D = Time resting spent in this place.
 E = Time spent auto-exploring this place.
 F = Levels seen in this place.
 G = Mean time per level.
                   A        B        C        D        E       F      G
               +--------+--------+--------+--------+--------+-----+--------+
         Total |  10990 |  10366 |    624 |   1002 |   7680 |  11 |  999.1 |
       Dungeon |  10322 |   9698 |    624 |    950 |   7336 |   9 | 1146.9 |
         Sewer |    387 |    387 |      0 |     32 |    179 |   1 |  387.0 |
       Ossuary |    280 |    280 |      0 |     20 |    165 |   1 |  280.0 |
               +--------+--------+--------+--------+--------+-----+--------+

Top non-repeatable levels by time:
     D:6: 1730 daAuts
     D:2: 1242 daAuts
     D:9: 1217 daAuts
     D:3: 1211 daAuts
     D:7: 1196 daAuts
     D:8: 1145 daAuts
     D:1: 1077 daAuts
     D:5: 779 daAuts
     D:4: 723 daAuts
   Sewer: 387 daAuts
 Ossuary: 280 daAuts
